 Dungeon Crawl Stone Soup version 0.28-a0-674-gdaf460b524 (webtiles) character file.

Game seed: 12078776052835787963

1431 siradein the Skirmisher (level 8, -1/63 HPs)
             Began as a Demonspawn Brigand on Oct 18, 2021.
             Killed by nerve-wracking pain
             ... invoked by Menkaure
              (5 damage)
             ... on level 5 of the Dungeon.
             The game lasted 00:19:46 (6196 turns).

siradein the Skirmisher (Demonspawn Brigand)        Turns: 6196, Time: 00:19:47

Health: -1/63      AC:  7    Str: 12    XL:     8   Next: 45%
Magic:  8/8        EV: 18    Int: 12    God:
Gold:   325        SH:  0    Dex: 17    Spells: 7/7 levels left

rFire   . . .      SeeInvis .   w - -1 quick blade
rCold   . . .      Faith    .   (no shield)
rNeg    . . .      Spirit   .   i - +0 ring mail
rPois   +          Reflect  .   (helmet unavailable)
rElec   .          Harm     .   c - +0 cloak
rCorr   .          Rampage  .   b - +0 pair of gloves
Will    .....                   (no boots)
Stlth   ++........              (no amulet)
HPRegen 0.20/turn               h - +4 ring of evasion
MPRegen 0.22/turn               u - ring of poison resistance

@: no status effects
A: horns 3, repulsion field 1, magic regeneration
a: no special abilities


You were on level 5 of the Dungeon.
You visited 1 branch of the dungeon, and saw 6 of its levels.

You collected 557 gold pieces.
You spent 232 gold pieces at shops.

Inventory:

Hand Weapons
 o - a +0 hunting sling
 w - a -1 quick blade (weapon)
Missiles
 d - 58 poisoned darts (quivered)
 e - 2 curare-tipped darts
 k - 131 stones
 l - 7 boomerangs
Armour
 b - a +0 pair of gloves (worn)
 c - a +0 cloak (worn)
 i - a +0 ring mail (worn)
Jewellery
 h - a +4 ring of evasion (left hand)
 u - a ring of poison resistance (right hand)
Wands
 a - a wand of flame (6)
 r - a wand of digging (7)
Scrolls
 m - 3 scrolls of teleportation
 n - a scroll of immolation
 q - a scroll of enchant armour
 s - 2 scrolls of blinking
 v - a scroll of torment {unknown}
Potions
 f - 6 potions of curing {unknown}
 j - a potion of haste {unknown}
 p - a potion of magic {unknown}


   Skills:
 + Level 5.5 Fighting
 + Level 5.0 Short Blades
 + Level 5.0 Throwing
 + Level 4.7 Dodging
 - Level 3.6 Stealth


You had 7 spell levels left.
You didn't know any spells.
Your spell library contained the following spells:

 Spells                   Type           Power      Damage    Failure   Level
 Animate Skeleton         Necr           0%         N/A       58%         1
 Apportation              Tloc           0%         N/A       58%         1
 Pain                     Necr           0%         1d4       58%         1
 Shock                    Conj/Air       0%         1d3       58%         1
 Summon Small Mammal      Summ           0%         N/A       58%         1
 Ensorcelled Hibernation  Hex/Ice        0%         N/A       75%         2
 Spider Form              Tmut/Pois      0%         N/A       92%         3
 Swiftness                Air            0%         N/A       92%         3
 Vampiric Draining        Necr           0%         2d6       92%         3
 Airstrike                Air            0%         N/A       100%        4


Dungeon Overview and Level Annotations

Branches:
Dungeon (6/15)
 Temple: D:4-7

Altars:
Cheibriados
Elyvilon
Gozag
Kikubaaqudgha
Makhleb
Nemelex Xobeh
Okawaru
Qazlal
Xom
Zin

Shops:
D:4 ?   D:5 **

Annotations:
D:5 Menkaure


Innate Abilities, Weirdness & Mutations

You have a pair of large horns on your head.
You are surrounded by a mild repulsion field. (EV +2)
You regenerate magic rapidly.


Message History

Menkaure closely misses you. The gnoll closely misses you. x2
You climb upwards.
There is a stone staircase leading down here.
You hit Menkaure.
Menkaure is lightly damaged.
Menkaure barely misses you.
You hit Menkaure.
Menkaure is lightly damaged.
Menkaure closely misses you.
You hit Menkaure. Your headbutt misses Menkaure.
Menkaure is moderately damaged.
You hit Menkaure.
Menkaure is moderately damaged.
Menkaure misses you.
You hit Menkaure but do no damage.
Menkaure is moderately damaged.
You hit Menkaure.
Menkaure is moderately damaged.
Menkaure calls on the powers of darkness!
Your body is wracked with pain!
You are too injured to fight recklessly!
You are too injured to fight recklessly!
You are too injured to fight recklessly!
Menkaure calls on the powers of darkness!
Your body is wracked with pain!
* * * LOW HITPOINT WARNING * * *
Menkaure misses you.
Menkaure grins.
Menkaure hums a few words.
Menkaure hits you!
* * * LOW HITPOINT WARNING * * *
Menkaure calls on the powers of darkness!
Your body is wracked with pain!
* * * LOW HITPOINT WARNING * * *
Menkaure calls on the powers of darkness!
Your body is wracked with pain!
* * * LOW HITPOINT WARNING * * *
Menkaure gestures at you while chanting.
Pain shoots through your body!
You die...

########### #.##...####.......
#.........# #.##......#.......
#.........# #.##....#+#.####..
#.........####.##..............
#...............#..............
#...............#..............
###.............M.#..............
............####.#...............
............####@#..#..<.........
##...............#..#.#..........
............######..#............
.....)........# #...##.........#
.....)........####...##.....#.#..
.....#...........'...###..#.#.###
...###.#######.###............##.
.....#.#######.###...###(...#.##.
.....#.##..............<#..##.##.


You could see Menkaure (fast).

Vanquished Creatures
  Duvessa (D:6)
  A sky beast (D:5)
  A black bear (D:5)
  A centaur (D:5)
  2 scorpions
  A water moccasin skeleton (D:6)
  Dowan (D:6)
  A wyvern skeleton (D:5)
  4 crimson imps
  A hound (D:5)
  A jelly (D:5)
  2 bullfrog skeletons (D:5)
  3 orc priests
  Terence (D:3)
  7 iguanas
  3 orc wizards
  A howler monkey skeleton (D:5)
  A gnoll (D:6)
  6 adders
  An ufetubus (D:5)
  An adder skeleton (D:4)
  3 worms
  2 dart slugs
  15 orcs
  3 bats
  6 endoplasms
  3 giant cockroaches (D:2)
  10 goblins
  5 hobgoblins
  5 kobolds
  3 quokkas
  4 ball pythons
  A frilled lizard (D:1)
  7 rats
108 creatures vanquished.

Notes
Turn   | Place    | Note
-------+----------+-------------------------------------------
     0 | D:1      | siradein the Demonspawn Brigand began the quest for the
                  | Orb.
     0 | D:1      | Reached XP level 1. HP: 16/16 MP: 1/1
   135 | D:1      | Reached skill level 1 in Dodging
   211 | D:1      | Gained mutation: You have a pair of small horns on your
                  | head. [demonic ancestry]
   211 | D:1      | Reached XP level 2. HP: 19/22 MP: 2/2
   928 | D:2      | Gained mutation: You have a pair of horns on your head.
                  | [demonic ancestry]
   928 | D:2      | Reached XP level 3. HP: 25/28 MP: 3/3
  1160 | D:2      | Found a faded altar of an unknown god.
  1909 | D:3      | Found a stormy altar of Qazlal.
  1935 | D:3      | Found an ancient bone altar of Kikubaaqudgha.
  2024 | D:3      | Reached XP level 4. HP: 34/34 MP: 4/4
  2082 | D:3      | Noticed Terence
  2083 | D:3      | Found an iron altar of Okawaru.
  2233 | D:3      | You fall into a shaft and drop 1 floor!
  2267 | D:4      | Noticed a scorpion
  2476 | D:3      | Killed a scorpion
  2477 | D:3      | Reached XP level 5. HP: 41/41 MP: 5/5
  2597 | D:4      | Gained mutation: You are surrounded by a mild repulsion
                  | field. (EV +2) [demonic ancestry]
  2597 | D:4      | Reached XP level 6. HP: 35/47 MP: 6/6
  2703 | D:4      | Found Usoutebe's Magic Scroll Boutique.
  2713 | D:4      | Bought a scroll of enchant armour for 82 gold pieces
  3146 | D:4      | Found a shimmering altar of Xom.
  3167 | D:4      | Found a snail-covered altar of Cheibriados.
  3170 | D:4      | Found a burning altar of Makhleb.
  3337 | D:4      | Found an opulent altar of Gozag.
  3337 | D:4      | Found a sparkling altar of Nemelex Xobeh.
  3451 | D:5      | Entered Level 5 of the Dungeon
  3555 | D:5      | Gained mutation: You regenerate magic rapidly. [demonic
                  | ancestry]
  3555 | D:5      | Reached XP level 7. HP: 23/54 MP: 7/7
  3792 | D:5      | Found Poix's Lightly-Used Armoury.
  4063 | D:5      | Found Enecryso's General Store.
  4825 | D:5      | Reached skill level 5 in Fighting
  4825 | D:5      | Gained mutation: You have a pair of large horns on your
                  | head. [demonic ancestry]
  4825 | D:5      | Reached XP level 8. HP: 39/62 MP: 8/8
  5151 | D:5      | Bought a -1 quick blade for 150 gold pieces
  5568 | D:3      | Killed Terence
  5645 | D:6      | Noticed Duvessa
  5645 | D:6      | Noticed Dowan
  5650 | D:6      | Killed Dowan
  5670 | D:6      | Killed Duvessa
  5949 | D:6      | Reached skill level 5 in Short Blades
  5949 | D:6      | Reached skill level 5 in Throwing
  5958 | D:6      | Noticed Menkaure
  6196 | D:5      | Killed from afar by Menkaure

Illustrated notes

Levels and vault maps discovered:
D:1:      elethiomel_arrival_infinity_welcomes_careful_drivers, layout_rooms,
          st_stairs_5
D:2:      layout_basic, shapermc_ecumenical_altar_gd, minivault_11,
          grunt_ministairs_13
D:3:      layout_basic, kiku_gazebo_garden_becter,
          nicolae_overflow_hidden_temple, minmay_box_of_dots, uniq_terence
D:4:      layout_cave_pools, grunt_temple_overflow_opulence, led_xom_imps,
          grunt_temple_overflow_open, serial_shops, shop
D:5:      minmay_polygon_palace, layout_basic, serial_shops, shop,
          minmay_shop_damaged
D:6:      layout_cave_pools, nicolae_sif_muna_little_library, enter_ossuary_1,
          uniq_duvessa, uniq_menkaure

Skill      XL: |  1  2  3  4  5  6  7  8 |
---------------+-------------------------+-----
Dodging        | 1 2 3 4 |  4.7
Short Blades   | 2 3 4 5 |  5.0
Throwing       | 2 3 4 5 |  5.0
Fighting       | 3 4 5 |  5.5
Stealth        | |  3.6

Action                   |  1- 3 |  4- 6 |  7- 9 || total
-------------------------+-------+-------+-------++-------
Melee: Dagger            |    78 |   111 |   127 ||   316
       Headbutt          |     6 |    23 |    43 ||    72
       Quick blade       |       |       |   109 ||   109
 Fire: Hunting sling     |    26 |    42 |    58 ||   126
Throw: Stone             |    18 |       |       ||    18
       Dart              |     1 |    15 |    12 ||    28
  Use: Scroll            |       |       |     4 ||     4
 Stab: Sleeping          |     5 |     1 |     2 ||     8
Armor: Ring mail         |    21 |    39 |    39 ||    99
       Robe              |     2 |       |       ||     2
Dodge: Dodged            |    42 |    79 |   136 ||   257

Table legend: (Time is in decaauts)
 A = Elapsed time spent in this place.
 B = Non-inter-level travel time spent in this place.
 C = Inter-level travel time spent in this place.
 D = Time resting spent in this place.
 E = Time spent auto-exploring this place.
 F = Levels seen in this place.
 G = Mean time per level.
                   A        B        C        D        E       F      G
               +--------+--------+--------+--------+--------+-----+--------+
         Total |   6084 |   5812 |    272 |    706 |   3788 |   6 | 1014.0 |
       Dungeon |   6084 |   5812 |    272 |    706 |   3788 |   6 | 1014.0 |
               +--------+--------+--------+--------+--------+-----+--------+

Top non-repeatable levels by time:
     D:5: 2428 daAuts
     D:2: 1114 daAuts
     D:4: 943 daAuts
     D:3: 784 daAuts
     D:1: 736 daAuts
     D:6: 77 daAuts
